 Dungeon Crawl Stone Soup version 0.28.0-53-g5a82cb258f (webtiles) character file.

Game seed: 9102349525651283759

63 Zeld the Chopper (level 3, -1/27 (34) HPs)
             Began as a Minotaur Berserker on May 31, 2022.
             Was a Follower of Trog.
             Slain by a gnoll
             ... wielding a +2 long sword of draining
              (7 damage)
             ... on level 2 of the Dungeon.
             The game lasted 00:01:34 (2474 turns).

Zeld the Chopper (Minotaur Berserker)               Turns: 2474, Time: 00:01:35

HP:   -1/27 (34)    AC:  3    Str: 23    XL:     3   Next: 87%
MP:   2/2           EV: 12    Int:  4    God:    Trog [*.....]
Gold: 98            SH:  0    Dex:  9    Spells: 2/2 levels left

rFire   . . .      SeeInvis .   a - +0 hand axe
rCold   . . .      Faith    .   (no shield)
rNeg    . . .      Spirit   .   b - +0 animal skin
rPois   .          Reflect  .   (helmet restricted)
rElec   .          Harm     .   (no cloak)
rCorr   .          Rampage  .   (no gloves)
Will    .....                   e - +0 pair of boots
Stlth   +.........              (no amulet)
HPRegen 0.09/turn               (no ring)
MPRegen 0.08/turn               (no ring)

@: heavily drained
A: horns 2, retaliatory headbutt
a: Renounce Religion, Berserk


You were on level 2 of the Dungeon.
You worshipped Trog.
Trog was aware of your devotion.
You visited 1 branch of the dungeon, and saw 2 of its levels.

You collected 98 gold pieces.

Inventory:

Hand Weapons
 a - a +0 hand axe (weapon)
Armour
 b - a +0 animal skin (worn)
 e - a +0 pair of boots (worn)
Scrolls
 c - 2 scrolls of identify {unknown}
 f - a scroll of teleportation {unknown}
 h - a scroll of fear {unknown}
Potions
 d - a potion of berserk rage {unknown}
 g - a potion of heal wounds {unknown}
 i - a potion of might {unknown}


   Skills:
 * Level 4.4 Fighting
 * Level 4.5 Axes
 + Level 3.1 Armour
 + Level 2.7 Dodging


You had 2 spell levels left.
You didn't know any spells.
Your spell library was empty.

Dungeon Overview and Level Annotations

Branches:
Dungeon (2/15)

Altars:


Innate Abilities, Weirdness & Mutations

You have a pair of horns on your head.
You reflexively headbutt those who attack you in melee.


Message History

There is a faded altar of an unknown god here.
There is an open door here.
Unknown command.
The gnoll throws an atropa-tipped dart.
The atropa-tipped dart hits you!
You are confused.
You bump into the rock wall.
You feel less confused.
There is a stone staircase leading up here.
You climb upwards.
There is a stone staircase leading down here.
You see here a +0 ring mail.
There is an open door here.
There is an open door here.
There is a stone staircase leading down here.
You start resting.
HP restored.
You start waiting.
Done waiting.
You climb downwards.
There is a stone staircase leading up here.
There is an open door here.
A gnoll is nearby!
The gnoll shouts!
You hit the gnoll. Your headbutt misses the gnoll.
The gnoll is lightly wounded.
You hit the gnoll but do no damage.
The gnoll is lightly wounded.
The gnoll hits you with a +2 long sword of draining.
You feel drained.
The gnoll throws an atropa-tipped dart.
The atropa-tipped dart misses you.
The gnoll hits you from afar with a +0 spear.
You hit the gnoll but do no damage.
The gnoll is lightly wounded.
The gnoll hits you with a +2 long sword of draining!
You feel drained.
* * * LOW HITPOINT WARNING * * *
The gnoll misses you.
The gnoll throws an atropa-tipped dart.
The atropa-tipped dart closely misses you.
The gnoll hits you with a +2 long sword of draining!
You die...

........>....##........# #####
.....######............# #...#
.....# #............# #...#
.....######............### #...#
.....#...†...##..........# #....
...#.#.####+###..........# #....
.###.#.........####......# #....
.##.<..........'..#......####....
.##............#@..##......##....
...............#g..##<.....####..
.............###..g........####..
.#.#.........+........g..........
.............#######.##...##.....
........#'####.......g...........
'#+#.##.#.####.......#.......#...
.....................#.......#.##
.....#..)............#..###..#.##


You could see 4 gnolls.

Vanquished Creatures
  3 adders (D:2)
  A worm (D:2)
  2 endoplasms (D:1)
  2 giant cockroaches
  A goblin (D:1)
  4 hobgoblins
  7 jackals (D:1)
  A kobold (D:1)
  3 quokkas
  3 ball pythons
  A bat (D:2)
  A frilled lizard (D:1)
29 creatures vanquished.

Vanquished Creatures (others)
  4 toadstools (D:1)
4 creatures vanquished.

Grand Total: 33 creatures vanquished

Notes
Turn   | Place    | Note
-------+----------+-------------------------------------------
     0 | D:1      | Zeld the Minotaur Berserker began the quest for the Orb.
     0 | D:1      | Reached XP level 1. HP: 19/19 MP: 0/0
   205 | D:1      | Reached XP level 2. HP: 24/27 MP: 1/1
  1486 | D:2      | Reached XP level 3. HP: 33/33 MP: 2/2
  2009 | D:2      | Found a faded altar of an unknown god.
  2474 | D:2      | Slain by a gnoll

Illustrated notes

Levels and vault maps discovered:
D:1:      ldierk_walled_garden_2, layout_basic
D:2:      layout_basic, hellmonk_ecumenical_altar_blasted

Skill      XL: |  1  2  3 |
---------------+----------+-----
Fighting       | 4 |  4.4
Axes           | 4 |  4.5
Armour         | 3 |  3.1
Dodging        | |  2.7

Action                   || total
-------------------------++-------
Melee: Hand axe          ||    82
       Headbutt          ||     6
       Punch             ||     2
Armor: Animal skin       ||    17
Dodge: Dodged            ||    84
